 Dungeon Crawl Stone Soup version 0.29.1-14-g9c671dbff4 (webtiles) character file.

Game seed: 12823232003917354502

450 hawla the Poker (level 7, -5/50 HPs)
             Began as a Meteoran Fire Elementalist on Feb 12, 2023.
             Slain by a gnoll
             ... wielding a +0 flail
              (10 damage)
             ... on level 4 of the Dungeon.
             The game lasted 00:06:22 (849 turns).

hawla the Poker (Meteoran Fire Elementalist)         Turns: 849, Time: 00:06:22

Health: -5/50      AC:  2    Str: 11      XL:     7   Next: 50%
Magic:  0/12       EV: 12    Int: 18      God:
Gold:   69         SH:  0    Dex: 13 (14) Spells: 5/12 levels left

rFire   . . .      SeeInvis .   k - +7 trident of Oroetwan {drain, *Corrode rPois rN+ Int+2}
rCold   . . .      Faith    .   (no shield)
rNeg    + + .      Spirit   .   a - +0 robe
rPois   +          Reflect  .   (no helmet)
rElec   .          Harm     .   (no cloak)
rCorr   .          Rampage  .   (no gloves)
Will    .....                   (no boots)
Stlth   +.........              (no amulet)
HPRegen 0.16/turn               d - ring of positive energy
MPRegen 0.13/turn               (no ring)

@: attractive, glowing
A: sense surroundings 1, otherworldly, glowing, explore regen, dopey 1
a: no special abilities


You were on level 4 of the Dungeon.
You visited 1 branch of the dungeon, and saw 4 of its levels.

You collected 69 gold pieces.

Inventory:

Hand Weapons
 k - the +7 trident of Oroetwan (weapon) {drain, *Corrode rPois rN+ Int+2}
   (You found it on level 3 of the Dungeon)

   A truly terrible weapon, it drains the life of any living foe it strikes.
   Int:       It affects your intelligence (+2).
   rPois:     It protects you from poison.
   rN:        It protects you from negative energy.
   *Corrode:  It may corrode you when you take damage.
Armour
 a - a +0 robe (worn)
Jewellery
 d - a ring of positive energy (left hand)
Wands
 c - a wand of polymorph (11) (quivered)
Scrolls
 j - 3 scrolls of immolation {unknown}


   Skills:
 + Level 5.7 Polearms
 - Level 2.6 Dodging
 - Level 1.4 Stealth
 - Level 3.0 Spellcasting
 - Level 4.3 Conjurations
 - Level 4.3 Fire Magic
 + Level 2.6 Evocations


You had 5 spell levels left.
You knew the following spells:

 Your Spells              Type           Power      Damage    Failure   Level
a - Foxfire               Conj/Fire      72%        2x1d7     2%          1
b - Scorch                Fire           36%        2d7       4%          2
c - Flame Wave            Conj/Fire      18%        2d7       28%         4

Your spell library contained the following spells:

 Spells                   Type           Power      Damage    Failure   Level
 Conjure Flame            Conj/Fire      18%        6-21      9%          3
 Inner Flame              Hex/Fire       10%        N/A       21%         3


Dungeon Overview and Level Annotations

Branches:
Dungeon (4/15) Zot: 1550
 Temple: D:4-7

Altars:
Cheibriados
Elyvilon
Gozag
Kikubaaqudgha
Makhleb
Nemelex Xobeh
Sif Muna
Xom
Zin


Innate Abilities, Weirdness & Mutations

You passively map a small area around you.
You are easily found by Zot.
You glow in the dark.
You regain HP and MP as you explore.
You are dopey. (Int -2)


Message History

The gnoll completely misses you.
You closely miss the gnoll.
The foxfire hits the gnoll.
The gnoll is moderately wounded.
The foxfire hits the gnoll.
The gnoll is heavily wounded.
The gnoll barely misses you.
Unknown command.
You barely miss the gnoll.
The gnoll is heavily wounded.
A gnoll comes into view. It is wielding a +0 flail.
The gnoll hits you with a +0 club! The gnoll is attracted toward you.
Casting: Foxfire (safe; 2% risk of failure)
Confirm with . or Enter, or press ? or * to list all spells.
You conjure some foxfire!
The gnoll hits you with a +0 club.
* * * LOW HITPOINT WARNING * * *
You puncture the gnoll!
You kill the gnoll!
The foxfire hits the gnoll but does no damage.
The foxfire hits the gnoll.
The gnoll is moderately wounded.
You puncture the gnoll!
The gnoll is almost dead.
A gnoll comes into view. It is wielding a +0 halberd.
The gnoll closely misses you.
A gnoll comes into view. It is wielding a +0 club.
The gnoll is attracted toward you. x2
Unknown command.
As you read the scroll labelled ETHRULL VERR, it crumbles to dust.
It is a scroll of identify.
i - a scroll of butterflies The gnoll closely misses you.
The gnoll barely misses you.
You aren't carrying any potions.
Unknown command.
You aren't carrying any potions.
As you read the scroll of butterflies, it crumbles to dust.
You hear the tinkle of a tiny bell.
The gnoll hits you from afar with a +0 halberd!
* * * LOW HITPOINT WARNING * * *
The gnoll hits you with a +0 flail!
You die...

, ,
#....##.##########
, , , #....)......,
, . #........... ,
.. , #...........
..., ,###'#######.,
* * , ,...§,
#...###..##., ....§
#.bb........ ,
.....g#bbb......PP
.....bg@bb.......P
,
.....)#.bb......P.,
,..... #bbb........
.... #........... *
..., #...........
.. ,,######..###. ,
, ., ### , , ,


You could see 2 gnolls.

Vanquished Creatures
  Eustachio (D:4)
  2 ogres (D:4)
  An iguana (D:4)
  2 orc wizards (D:4)
  2 gnolls
  2 adders
  An ufetubus (D:4)
  3 dart slugs
  An orc (D:2)
  2 endoplasms
  2 goblins
  3 hobgoblins (D:3)
  A kobold (D:2)
  2 quokkas
  2 ball pythons
  2 bats
  3 frilled lizards
32 creatures vanquished.

Vanquished Creatures (others)
  78 foxfires
78 creatures vanquished.

Grand Total: 110 creatures vanquished

Notes
Turn   | Place    | Note
-------+----------+-------------------------------------------
     0 | D:1      | hawla the Meteoran Fire Elementalist began the quest for
                  | the Orb.
     0 | D:1      | Reached XP level 1. HP: 14/14 MP: 5/5
    13 | D:2      | Reached XP level 2. HP: 20/20 MP: 2/6
    16 | D:2      | Learned a level 2 spell: Scorch
    63 | D:2      | Reached XP level 3. HP: 25/26 MP: 5/8
   202 | D:3      | Reached skill level 1 in Evocations
   221 | D:3      | Identified the +7 trident of Oroetwan {drain, *Corrode
                  | rPois rN+ Int+2}
   388 | D:3      | Found a white marble altar of Elyvilon.
   388 | D:3      | Found a snail-covered altar of Cheibriados.
   405 | D:4      | Reached XP level 4. HP: 30/33 MP: 6/9
   412 | D:3      | Learned a level 4 spell: Flame Wave
   434 | D:3      | Found a sparkling altar of Nemelex Xobeh.
   442 | D:3      | Found an ancient bone altar of Kikubaaqudgha.
   443 | D:3      | Found a shimmering altar of Xom.
   443 | D:3      | Found a glowing silver altar of Zin.
   443 | D:3      | Found an opulent altar of Gozag.
   447 | D:3      | Found a burning altar of Makhleb.
   681 | D:4      | Reached XP level 5. HP: 38/38 MP: 3/10
   711 | D:4      | Found a shimmering blue altar of Sif Muna.
   712 | D:4      | Noticed an ogre
   718 | D:4      | Killed an ogre
   719 | D:4      | Reached skill level 1 in Polearms
   719 | D:4      | Reached XP level 6. HP: 45/45 MP: 2/11
   746 | D:4      | Reached skill level 2 in Polearms
   802 | D:4      | Noticed an ogre
   806 | D:4      | Killed an ogre
   807 | D:4      | Reached skill level 4 in Polearms
   817 | D:4      | Noticed Eustachio
   828 | D:4      | Reached XP level 7. HP: 30/50 MP: 6/12
   840 | D:4      | Gained mutation: You are dopey. (Int -2) [potion of
                  | mutation]
   841 | D:4      | Killed Eustachio
   842 | D:4      | Reached skill level 5 in Polearms
   849 | D:4      | Slain by a gnoll

Illustrated notes

Levels and vault maps discovered:
D:1:      dpeg_arrival_tiny_a, layout_basic
D:2:      layout_basic
D:3:      layout_basic, minitemple, gammafunk_temple_overflow_statue
D:4:      layout_gridville, led_sif_book, minmay_temple_entry_overgrown,
          uniq_eustachio

Skill      XL: |  1  2  3  4  5  6  7 |
---------------+----------------------+-----
Fire Magic     | 4 |  4.3
Spellcasting   | 3 |  3.0
Evocations     | 2 |  2.6
Conjurations   | 2 4 |  4.3
Polearms       | 1 4 5 |  5.7
Dodging        | |  2.6
Stealth        | |  1.4

Action                   |  1- 3 |  4- 6 |  7- 9 || total
-------------------------+-------+-------+-------++-------
Melee: Unarmed           |     7 |       |       ||     7
       Trident           |       |     2 |    10 ||    12
 Cast: Foxfire           |    25 |    19 |     2 ||    46
       Scorch            |     4 |     8 |       ||    12
       Flame Wave        |       |     3 |     1 ||     4
  Use: Scroll            |     1 |       |     2 ||     3
       Potion            |       |     3 |     2 ||     5
Armor: Robe              |     1 |     3 |     2 ||     6
Dodge: Dodged            |     8 |     6 |    13 ||    27
